 Dungeon Crawl Stone Soup version 0.18-a0-1078-gebb93d0 (webtiles) character file.

102 ater218 the Skirmisher (level 4, -1/35 HPs)
             Began as a Vampire Fighter on Jan 14, 2016.
             Slain by an adder (2 damage)
             ... on level 3 of the Dungeon.
             The game lasted 00:06:10 (1628 turns).

ater218 the Skirmisher (Vampire Fighter)            Turns: 1628, Time: 00:06:12

Health: -1/35      AC:  6    Str: 15    XL:     4   Next: 50%
Magic:  4/4        EV:  7    Int: 11    God:
Gold:   140        SH:  9    Dex: 13    Spells: 0 memorised, 3 levels left

rFire  . . .     SeeInvis +     a - +0 long sword
rCold  . . .     Gourm    .     b - +0 scale mail
rNeg   . . .     Faith    .     c - +0 shield
rPois  .         Spirit   .     (no helmet)
rElec  .         Dismiss  .     (no cloak)
rCorr  .         Reflect  .     (no gloves)
SustAt .         Harm     .     (no boots)
MR     .....                    (no amulet)
Stlth  ..........               (no ring)
                                g - ring of wizardry

@: lethally poisoned (-1 -> -9), regenerating quickly, not resistant to hostile
enchantments, extremely unstealthy
A: fangs 3, see invisible, unbreathing
a: no special abilities


You were on level 3 of the Dungeon.
You were very full.

You visited 1 branch of the dungeon, and saw 3 of its levels.

You collected 140 gold pieces.

Inventory:

Hand Weapons
 a - a +0 long sword (weapon)
Armour
 b - a +0 scale mail (worn)
 c - a +0 shield (worn)
Jewellery
 g - a ring of wizardry (left hand)
Scrolls
 l - 3 scrolls of identify
 o - a scroll of random uselessness {unknown}
Potions
 d - a potion of might
 e - 5 potions of blood
 f - a potion of ambrosia {unknown}
 h - 2 potions of lignification {unknown}
 i - a potion of agility {unknown}
 j - 2 potions of cure mutation {unknown}
 k - a potion of cancellation {unknown}
 m - a potion of flight {unknown}
 n - a potion of poison


   Skills:
 + Level 3.3 Fighting
 + Level 2.5 Long Blades
 + Level 3.1 Armour
 + Level 1.2 Dodging
 + Level 3.2 Shields


You had 3 spell levels left.
You didn't know any spells.

Dungeon Overview and Level Annotations

Branches:
Dungeon (3/15)

Altars:


Innate Abilities, Weirdness & Mutations

Your natural rate of healing is unusually fast.
You have razor-sharp teeth.
You have supernaturally acute eyesight.
You can survive without breathing.


Message History

You feel sick.
The hobgoblin hits you but does no damage.
Your shield and scale mail prevent you from hitting the hobgoblin.
* * * LOW HITPOINT WARNING * * *
You feel sick. You block the hobgoblin's attack.
You slash the hobgoblin!
You kill the hobgoblin!
* * * LOW HITPOINT WARNING * * *
You feel sick. The adder bites you but does no damage.
You hit the adder but do no damage. You bite the adder.
The adder is moderately wounded.
* * * LOW HITPOINT WARNING * * *
You feel sick. You block the adder's attack. x2
You closely miss the adder.
The adder is moderately wounded.
* * * LOW HITPOINT WARNING * * *
You feel sick. The adder bites you.
* * * LOW HITPOINT WARNING * * *
The adder bites you.
You die...

#.......#...#
#.......<.#
#.......#.#
#.........# ####
#.......h###.....
..###..S.........
. ####..#......
###..##.g...
#@Sr..# ....
#.###.# ... #...#
.# (. ###.# .# .
#.# .# ... .#. #
#


You could see an adder and a rat.

Vanquished Creatures
  A centaur zombie (D:3)
  2 adders (D:2)
  An ooze (D:2)
  A worm (D:2)
  3 giant geckos
  4 bats (D:1)
  2 giant cockroaches (D:1)
  2 goblins (D:1)
  6 hobgoblins
  5 jackals
  A quokka (D:2)
  3 giant newts (D:2)
  9 kobolds
  5 rats
45 creatures vanquished.

Notes
Turn   | Place    | Note
--------------------------------------------------------------
     0 | D:1      | ater218 the Vampire Fighter began the quest for the Orb.
     0 | D:1      | Reached XP level 1. HP: 17/17 MP: 1/1
   102 | D:1      | Reached XP level 2. HP: 20/23 MP: 2/2
   412 | D:1      | Reached skill level 3 in Fighting
   699 | D:2      | Reached XP level 3. HP: 19/29 MP: 3/3
  1618 | D:3      | Reached skill level 1 in Dodging
  1618 | D:3      | Reached XP level 4. HP: 13/35 MP: 4/4
  1628 | D:3      | HP: 1/35 [adder (1)]
  1628 | D:3      | Slain by an adder

Vault maps used:
D:1:      ncdulo_lavacross
D:2:      kennysheep_path_1, minmay_distorted
D:3:      grunt_temple_overflow_order_and_chaos_1, lemuel_doored_altar,
          roderic_serpentine_path, makhleb_blood_cavern_becter, uniq_robin

Action                   |  1- 3 |  4- 6 || total
-------------------------+-------+-------++-------
Melee: Long sword        |   152 |     9 ||   161
  Use: Potion            |    12 |     1 ||    13
       Scroll            |     2 |       ||     2
